 Dungeon Crawl Stone Soup version 0.23-a0-395-gcf17ac6 (webtiles) character file.

792 Cryolive the Digger (level 7, -5/41 HPs)
             Began as a Gargoyle Earth Elementalist on Nov 1, 2018.
             Was an Initiate of Vehumet.
             Slain by an ogre
             ... wielding a +0 giant club
              (14 damage)
             ... on level 6 of the Dungeon.
             The game lasted 00:08:42 (4943 turns).

Cryolive the Digger (Gargoyle Earth Elementalist)   Turns: 4943, Time: 00:08:43

Health: -5/41      AC:  7    Str: 11    XL:     7   Next: 88%
Magic:  9/12       EV: 13    Int: 18    God:    Vehumet [......]
Gold:   273        SH:  0    Dex: 10    Spells: 4/13 levels left

rFire    . . .     SeeInvis .   m - +2 dagger (elec)
rCold    . . .     Gourm    .   (no shield)
rNeg     + . .     Faith    .   c - +0 robe
rPois    ∞         Spirit   .   (no helmet)
rElec    +         Reflect  .   (no cloak)
rCorr    .         Harm     .   (no gloves)
MR       .....                  (no boots)
Stlth    ++........             (no amulet)
HPRegen  0.13/turn              (no ring)
MPRegen  0.13/turn              (no ring)

@: no status effects
A: negative energy resistance 1, electricity resistance, unbreathing,
petrification resistance, rot immunity, AC +4
a: Renounce Religion


You were on level 6 of the Dungeon.
You worshipped Vehumet.
Vehumet was noncommittal.
You were not hungry.

You visited 2 branches of the dungeon, and saw 7 of its levels.

You collected 273 gold pieces.

Inventory:

Hand Weapons
 m - a +2 dagger of electrocution (weapon)
Missiles
 b - 141 stones (quivered)
Armour
 c - a +0 robe (worn)
Jewellery
 g - an uncursed ring of positive energy {unknown}
 j - a cursed ring of attention {unknown}
 q - an uncursed ring of flight {unknown}
Scrolls
 a - 2 scrolls of enchant armour {unknown}
 e - a scroll of noise {unknown}
 h - a scroll of fog {unknown}
 i - 3 scrolls of immolation {unknown}
 k - a scroll of blinking {unknown}
 n - 2 scrolls of remove curse {unknown}
 o - a scroll of random uselessness {unknown}
 r - 2 scrolls of magic mapping {unknown}
 t - 3 scrolls of identify {unknown}
 u - 3 scrolls of teleportation {unknown}
 x - a scroll of fear {unknown}
Potions
 f - 4 potions of curing {unknown}
 l - a potion of lignification {unknown}
 p - 2 potions of degeneration {unknown}
 s - a potion of ambrosia {unknown}
 v - 2 potions of might {unknown}
 w - a potion of experience {unknown}
Comestibles
 d - 15 rations


   Skills:
 + Level 3.6 Fighting
 + Level 3.5 Armour
 + Level 3.1 Dodging
 - Level 2.1 Stealth
 + Level 3.7 Spellcasting
 + Level 3.2 Conjurations
   Level 0.7 Transmutations
 + Level 5.6 Earth Magic


You had 4 spell levels left.
You knew the following spells:

 Your Spells              Type           Power        Failure   Level  Hunger
a - Sandblast             Erth           ###...       1%          1    None
b - Stone Arrow           Conj/Erth      ###...       8%          3    ###....
c - Lee's Rapid Deconstr  Erth           ###.......   38%         5    ######.

Your spell library contained the following spells:

 Spells                   Type           Power        Failure   Level  Hunger
 Passwall                 Tmut/Erth      ##......     6%          2    ##.....
 Shock                    Conj/Air       #...         8%          1    None
 Swiftness                Chrm/Air       #.......     22%         2    ##.....
 Static Discharge         Conj/Air       #.......     24%         3    ###....
 Petrify                  Tmut/Erth      ##......     38%         4    ####...
 Airstrike                Air            #.........   83%         4    ####...
 Lightning Bolt           Conj/Air       #.........   91%         5    ######.


Dungeon Overview and Level Annotations

Branches:
Dungeon (6/15)             Temple (1/1) D:5

Altars:
Dithmenos
Fedhas
Makhleb
Nemelex Xobeh
Trog
Vehumet
Wu Jian


Innate Abilities, Weirdness & Mutations

You are resistant to torment.
Your stone body is resilient. (AC +4)
You are immune to poison.
You resist negative energy. (rN+)
You are resistant to electric shocks. (rElec)
You can survive without breathing.
You are immune to petrification.
You are immune to rotting.


Message History

Vehumet accepts your kill.
You hit the ogre.
The ogre is lightly wounded.
The ogre hits you with a +0 giant club!
* * * LOW HITPOINT WARNING * * *
You are too injured to fight recklessly!
You are too injured to fight recklessly!
You are too injured to fight recklessly!
You are too injured to fight recklessly!
You are too injured to fight recklessly!
You are too injured to fight recklessly!
Casting: Sandblast (safe; 1% risk of failure)
Confirm with . or Enter, or press ? or * to list all spells.
Aiming: Stone Arrow (safe; 8% risk of failure)
Press: ? - help, Shift-Dir - straight line, f - ogre
Aim: an ogre, wielding a +0 giant club The stone arrow hits the ogre.
The ogre is moderately wounded.
The ogre hits you with a +0 giant club!
You die...

##. #...#
.%..##...# #.
........#.#####..
........#........
.....##.........#
......#...##...##
...............#
# #...##.O.#####
#.#.$..?#@.# #.
...........# #..
###........# #..#
#........##..#
#........#..#
#..........#
#........#..#
#.###....##..#
.......#..# #..


You could see an ogre.

Vanquished Creatures
  A sky beast (D:5)
  A phantom (D:4)
  A necrophage (D:6)
  A bullfrog (D:6)
  A scorpion (D:4)
  2 centaur skeletons (D:4)
  3 hounds
  3 iguanas
  A worker ant (D:5)
  A hound zombie (D:5)
  8 adders
  A howler monkey skeleton (D:5)
  A shadow imp (D:5)
  A worm (D:2)
  2 dart slugs
  4 leopard geckos
  3 orcs (D:3)
  5 giant cockroaches
  6 goblins
  8 hobgoblins
  7 jackals
  2 quokkas
  A ball python (D:1)
  2 bats
  5 frilled lizards
  A jackal skeleton (D:4)
  7 kobolds
  6 rats
85 creatures vanquished.

Notes
Turn   | Place    | Note
-------+----------+-------------------------------------------
     0 | D:1      | Cryolive the Gargoyle Earth Elementalist began the quest
                  | for the Orb.
     0 | D:1      | Reached XP level 1. HP: 10/10 MP: 3/3
   352 | D:1      | Reached XP level 2. HP: 15/16 MP: 5/5
  1029 | D:2      | Reached skill level 1 in Fighting
  1075 | D:2      | Reached skill level 1 in Armour
  1332 | D:2      | Reached skill level 4 in Earth Magic
  1332 | D:2      | Reached XP level 3. HP: 9/20 MP: 4/6
  1338 | D:2      | Learned a level 3 spell: Stone Arrow
  1680 | D:2      | Reached XP level 4. HP: 12/25 MP: 7/7
  1858 | D:2      | Found a bloodstained altar of Trog.
  2402 | D:2      | Found a shadowy altar of Dithmenos.
  2403 | D:2      | Found an ornate altar of the Wu Jian Council.
  2714 | D:3      | Reached skill level 1 in Conjurations
  3119 | D:3      | Reached XP level 5. HP: 21/30 MP: 9/9
  3211 | D:3      | Learned a level 5 spell: Lee's Rapid Deconstruction
  3662 | D:4      | Reached XP level 6. HP: 35/36 MP: 10/10
  3670 | D:4      | Noticed a phantom
  3679 | D:4      | Killed a phantom
  3934 | D:4      | Reached skill level 5 in Earth Magic
  4240 | D:5      | Entered Level 5 of the Dungeon
  4247 | D:5      | Noticed a sky beast
  4292 | D:5      | Reached XP level 7. HP: 39/41 MP: 11/11
  4368 | D:5      | Found a blossoming altar of Fedhas.
  4405 | D:5      | Found a staircase to the Ecumenical Temple.
  4423 | Temple   | Entered the Ecumenical Temple
  4433 | Temple   | Became a worshipper of Vehumet
  4943 | D:6      | Slain by an ogre

Vault maps used:
D:1:      nzn_arrival_water_spiral
D:2:      nicolae_overflow_hidden_temple, gammafunk_temple_overflow_pools,
          first_ration
D:5:      minmay_temple_entry_glass, fedhas_altar_1
D:6:      minmay_diamond_boxcup, lemuel_coloured_pillars_altar
Temple:   compressed_dpeg_triangle_lava_temple

Skill      XL: |  1  2  3  4  5  6  7 |
---------------+----------------------+-----
Fighting       | 1 2 3 |  3.6
Armour         | 1 2 3 |  3.5
Earth Magic    | 4 5 |  5.6
Conjurations   | 1 2 3 |  3.2
Dodging        | 2 3 |  3.1
Spellcasting   | 3 |  3.7
Stealth        | |  2.1
Transmutations | |  0.7

Action                   |  1- 3 |  4- 6 |  7- 9 || total
-------------------------+-------+-------+-------++-------
Melee: Dagger            |   136 |   157 |    37 ||   330
       Unarmed           |     6 |       |       ||     6
 Cast: Sandblast         |     5 |    17 |     3 ||    25
       Stone Arrow       |       |     3 |     4 ||     7
 Stab: Sleeping          |     6 |     5 |       ||    11
  Eat: Chunk             |     1 |    10 |     3 ||    14
Armor: Robe              |    39 |    71 |    13 ||   123
Dodge: Dodged            |    96 |   122 |    23 ||   241

Table legend:
 A = Non-vault XP
 B = Vault XP
 C = Vault XP percentage of total XP
 D = Non-vault monster count
 E = Vault monster count
 F = Vault count percentage of total count
                 A         B        C        D         E       F
            +---------+---------+-------+---------+---------+-------
      Total |    1132 |       0 |   0.0 |      85 |       0 |   0.0
            +---------+---------+-------+---------+---------+-------
        D:1 |      22 |       0 |   0.0 |      14 |       0 |   0.0
        D:2 |      88 |       0 |   0.0 |      21 |       0 |   0.0
        D:3 |      71 |       0 |   0.0 |      24 |       0 |   0.0
        D:4 |     425 |       0 |   0.0 |      14 |       0 |   0.0
        D:5 |     251 |       0 |   0.0 |       6 |       0 |   0.0
        D:6 |     275 |       0 |   0.0 |       6 |       0 |   0.0
            +---------+---------+-------+---------+---------+-------
